Map: Torri del crepuscolo

Players

Kether - Winner!

  • Race: Zerg Zerg

Jhyrachy

  • Race: Zerg Zerg
  • League: Bronze

VOD

Have the link to the VOD?

Description

Time

  • Played on: Dec. 2, 2015, 4:36 p.m.
  • Length: 10:20
Show
View Real Time Build Order
Export as new Build Order

Kether Zerg - Winner!

Build Orders: Hatch First 

Get SALT Encoding   

  12  0:04  Drone  
  13  0:17  Drone  
  13  0:20  Overlord  
  14  0:43  Hatchery  
  14  0:45  Drone  
  14  0:50  Drone  
  14  0:53  Drone  
  16  1:11  Spawning Pool  
  15  1:12  Drone  
  15  1:16  Drone  
  17  1:19  Drone  
  18  1:32  Extractor  
  18  1:34  Extractor, Drone  
  18  1:39  Drone  
  18  1:59  Queen  
  18  2:01  Queen  
  20  2:07  Zergling x6  
  25  2:15  Baneling Nest  
  25  2:19  Evolution Chamber  
  25  2:20  Drone  
  25  2:21  Zergling x2  
  25  2:30  Drone x2  
  27  2:45  Drone  
  27  2:47  Overlord  
  27  2:49  Metabolic Boost  
  26  3:23  Drone x2  
  26  3:24  Drone x4  
  26  3:26  Baneling x2  
  32  3:33  Zergling x8  
  36  3:46  Overlord x2  
  36  3:47  Overlord  
  35  4:21  Drone x3  
  38  4:26  Roach Warren  
  38  4:29  Lair  
  38  4:30  Drone x4  
  38  4:31  Drone x2  
  43  4:42  Extractor  
  43  4:43  Drone x2, Extractor  
  43  4:49  Hatchery  
  42  5:15  Zerg Missile Weapons Level 1  
  42  5:36  Hatchery  
  42  5:41  Queen  
  43  5:48  Zergling x4  
  43  5:49  Zergling x14  
  48  5:50  Zergling x4  
  49  5:58  Zergling x2  
  50  6:10  Roach x3  
  50  6:11  Roach x3  
  62  6:18  Burrow  
  62  6:21  Glial Reconstitution  
  62  6:25  Roach x2, Hydralisk Den  
  65  6:28  Overlord x2  
  65  6:53  Infestation Pit  
  64  7:01  Queen  
  66  7:09  Roach x5  
  66  7:10  Roach x3  
  66  7:11  Ravager x4  
  86  7:23  Roach  
  86  7:26  Overlord x2  
  88  7:46  Roach x2  
  88  7:47  Roach x3  
  88  7:50  Baneling x3  
  98  7:59  Zerg Ground Armor Level 1  
  98  8:09  Evolution Chamber  
  98  8:12  Roach x2  
  96  8:27  Hydralisk x2  
  96  8:28  Hydralisk  
  99  8:36  Roach  
  99  8:37  Roach  
  78  8:59  Spore Crawler x2  
  68  9:03  Spore Crawler  
  55  9:11  Roach x3  
  47  9:37  Hydralisk x4  
  47  9:38  Hydralisk x2  
  55  9:40  Roach  
Show
View Real Time Build Order
Export as new Build Order

Jhyrachy Zerg 

Build Orders: Pool First, Muta Ling Bane 

Get SALT Encoding   

  12  0:08  Drone x2  
  14  0:26  Spawning Pool  
  13  0:33  Drone  
  14  0:39  Extractor  
  14  0:40  Overlord  
  13  0:46  Drone  
  14  1:06  Drone  
  14  1:08  Drone  
  14  1:10  Drone  
  17  1:19  Queen  
  17  1:22  Drone  
  20  1:28  Drone  
  21  1:39  Overlord  
  21  1:57  Hatchery  
  20  2:18  Metabolic Boost  
  20  2:26  Baneling Nest  
  19  2:44  Zergling x4  
  19  2:45  Zergling x8  
  25  3:15  Queen  
  27  3:47  Lair  
  26  4:18  Baneling x7  
  26  4:19  Baneling x2  
  25  4:35  Drone  
  25  4:36  Drone x9  
  35  4:57  Centrifical Hooks  
  35  5:14  Extractor  
  35  5:16  Extractor  
  35  5:17  Drone x2  
  35  5:19  Overlord x3  
  35  5:32  Hatchery, Extractor  
  29  5:59  Drone  
  29  6:00  Drone x3  
  29  6:02  Drone x2  
  29  6:03  Drone x3  
  38  6:14  Drone x3  
  38  6:15  Overlord  
  41  6:28  Spire  
  41  6:29  Roach Warren  
  39  6:32  Queen  
  41  6:48  Queen  
  43  6:58  Overlord x2  
  43  6:59  Overlord  
  43  7:43  Mutalisk x9  
  61  7:55  Drone  
  61  7:56  Drone x5  
  67  7:59  Roach  
  67  8:00  Roach x4  
  77  8:14  Spine Crawler  
  77  8:18  Spine Crawler  
  64  8:33  Roach  
  61  8:34  Roach x7  
Tags
 
Add a new tag
Caveats
  • Supply blocks, unpowered buildings, or Contaminate may cause inaccurate times.
  • Supply counts are checked every 10 seconds.